 Dungeon Crawl Stone Soup version 0.20.1-1-g8b1a95d (webtiles) character file.

108 mopl the Skirmisher (level 5, 0/43 HPs)
             Began as a Formicid Wanderer on Sept 10, 2017.
             Succumbed to a kobold's poison
             ... on level 3 of the Dungeon.
             The game lasted 00:03:57 (3055 turns).

mopl the Skirmisher (Formicid Wanderer)             Turns: 3055, Time: 00:03:57

Health: 0/43       AC:  3    Str: 27    XL:     5   Next: 12%
Magic:  0/5        EV: 11    Int:  9    God:
Gold:   97         SH:  0    Dex: 13    Spells: 4/4 levels left

rFire    . . .     SeeInvis +   a - +2 quarterstaff
rCold    . . .     Gourm    .   (no shield)
rNeg     . . .     Faith    .   n - +0 leather armour (curse)
rPois    .         Spirit   +   (helmet unavailable)
rElec    .         Reflect  .   (no cloak)
rCorr    .         Harm     .   (no gloves)
MR       .....                  u - -1 pair of boots (curse)
Stlth    +.........             r - amulet of guardian spirit
Regen    0.2/turn               m - +5 ring of strength
MPRegen  0.1/turn               v - ring of teleportation (curse)

@: mighty, lethally poisoned (0 -> -5)
A: permanent stasis, dig shafts and tunnels, four strong arms, antennae 3
a: Dig, Shaft Self


You were on level 3 of the Dungeon.
You were not hungry.

You visited 1 branch of the dungeon, and saw 3 of its levels.

You collected 97 gold pieces.

Inventory:

Hand Weapons
 a - a +2 quarterstaff (weapon)
 c - a +0 shortbow
 t - a +0 hand axe
Missiles
 d - 42 arrows
 i - 29 poisoned needles
Armour
 n - a cursed +0 leather armour (worn)
 u - a cursed -1 pair of boots (worn)
Jewellery
 m - a +5 ring of strength (left hand)
 r - an amulet of guardian spirit (around neck)
 v - a cursed ring of teleportation (right hand)
Scrolls
 g - 5 scrolls of teleportation {unknown}
 h - 4 scrolls of identify {unknown}
 j - a scroll of magic mapping {unknown}
 k - 2 scrolls of remove curse {unknown}
 p - a scroll of recharging {unknown}
Potions
 b - 3 potions of lignification {!q}
 e - a potion of berserk rage {unknown}
 o - a potion of curing {unknown}
 q - a potion of might
Comestibles
 f - a bread ration
 l - 2 chunks of flesh
 s - a meat ration


   Skills:
 + Level 4.4 Fighting
 * Level 0.6 Axes
 - Level 1.0 Staves
 - Level 1.5 Bows
 - Level 1.0 Throwing
 + Level 3.7 Armour
 - Level 1.2 Stealth
   Level 1.2 Shields


You had 4 spell levels left.
You didn't know any spells.

Dungeon Overview and Level Annotations

Branches:
Dungeon (3/15)

Altars:
Nemelex Xobeh


Innate Abilities, Weirdness & Mutations

You cannot be hasted, slowed, berserked, paralysed or teleported.
You can dig through walls and to a lower floor.
Your four strong arms can wield two-handed weapons with a shield.
You have a pair of large antennae on your head. (SInv)


Message History

Unknown command.
You hit the kobold.
The kobold is severely wounded.
You feel sick. The kobold completely misses you.
You barely miss the kobold.
The kobold is severely wounded.
You feel sick. The phantom hits you.
The phantom blinks!
The kobold misses you.
It was a potion of might.
You feel very mighty all of a sudden.
You feel sick. The kobold closely misses you.
You bludgeon the kobold!!
You kill the kobold!
You feel sick.
You closely miss the phantom.
You feel sick. The phantom closely misses you.
You closely miss the phantom.
You feel sick. The phantom closely misses you.
You closely miss the phantom. The phantom hits you!
* * * LOW HITPOINT WARNING * * *
You sock the phantom!
The phantom is moderately damaged.
You die...

.. ...... #.# ...
#.... ..# ...# #.#.##
# #.# ##..###.#.. .#
##.## #.........#
#.#.....[#
#.........##..#.###..#
.).....W.............#
.......@...#.##.# #).#
#.%....(....# #.# #..#
...........## #.# #..#
#....##.#.$####.###..#
..... #(.............#
.... ###..####.####.#
#.. ##..####.# #.# ##.
....#....####.#
..##............#


You could see a phantom.

Vanquished Creatures
  Jessica (D:2)
  2 adders (D:2)
  A worm (D:3)
  2 leopard geckos
  2 giant cockroaches (D:2)
  8 goblins
  5 hobgoblins
  3 jackals (D:1)
  11 kobolds
  8 bats
  7 frilled lizards
  10 rats
60 creatures vanquished.

Notes
Turn   | Place    | Note
-------+----------+-------------------------------------------
     0 | D:1      | mopl the Formicid Wanderer began the quest for the Orb.
     0 | D:1      | mopl set off with: a +2 quarterstaff, a potion of lignification {!q}, a +0 shortbow, 21 arrows, a +0 robe, a bread ration
     0 | D:1      | Reached XP level 1. HP: 18/18 MP: 1/1
   182 | D:1      | Reached XP level 2. HP: 10/24 MP: 2/2
   637 | D:1      | Reached skill level 2 in Armour
   902 | D:1      | Reached XP level 3. HP: 16/30 MP: 3/3
  1835 | D:2      | Reached skill level 4 in Fighting
  2077 | D:2      | Noticed Jessica
  2083 | D:2      | Killed Jessica
  2083 | D:2      | Reached skill level 3 in Armour
  2083 | D:2      | Reached XP level 4. HP: 32/38 MP: 4/4
  2176 | D:2      | Found a sparkling altar of Nemelex Xobeh.
  2834 | D:2      | Reached XP level 5. HP: 43/43 MP: 5/5
  3024 | D:3      | Noticed a phantom
  3054 | D:3      | HP: 1/43 [phantom (6)]
  3055 | D:3      | Succumbed to a kobold's poison

Skill      XL: |  1  2  3 |
---------------+----------+-----
Armour         | 2 3 |  3.7
Fighting       | 4 |  4.4
Axes           | |  0.6
Staves         | |  1.0
Bows           | |  1.5
Throwing       | |  1.0
Stealth        | |  1.2
Shields        | |  1.2

Action                   |  1- 3 |  4- 6 || total
-------------------------+-------+-------++-------
Melee: Quarterstaff      |    94 |    67 ||   161
 Abil: Dig               |     1 |     2 ||     3
  Use: Potion            |       |     1 ||     1
 Stab: Sleeping          |     5 |     1 ||     6
       Distracted        |     1 |       ||     1
  Eat: Chunk             |     4 |     3 ||     7
Armor: Robe              |     4 |       ||     4
       Leather armour    |    13 |    17 ||    30
Dodge: Dodged            |    57 |    49 ||   106
